 Dungeon Crawl Stone Soup version 0.17-a0-1374-gc51869c (webtiles) character file.

123 tinkerttoy the Shield-Bearer (level 4, -7/40 HPs)
             Began as a Minotaur Fighter on June 13, 2015.
             Killed from afar by an orc wizard (10 damage)
             ... with a magic dart
             ... on level 3 of the Dungeon.
             The game lasted 00:04:10 (1449 turns).

tinkerttoy the Shield-Bearer (Minotaur Fighter)     Turns: 1449, Time: 00:04:10

Health: -7/40      AC: 13    Str: 20    XL:     4   Next: 79%
Magic:  3/3        EV:  8    Int:  5    God:
Gold:   59         SH:  9    Dex: 11    Spells: 0 memorised, 3 levels left

rFire  . . .     SeeInvis .     a - +0 flail
rCold  . . .     Clarity  .     z - +4 scale mail
rNeg   . . .     SustAt   .     c - +0 shield
rPois  .         Gourm    .     (helmet restricted)
rElec  .         Spirit   .     g - +0 cloak
rCorr  .         Warding  .     i - +0 pair of gloves
rMut   .         Stasis   .     (no boots)
MR     .....                    (no amulet)
Stlth  ..........               (no ring)
                                (no ring)

@: not resistant to hostile enchantments, extremely unstealthy
A: retaliatory headbutt, horns 2
a: no special abilities


You were on level 3 of the Dungeon.
You were not hungry.

You visited 1 branch of the dungeon, and saw 3 of its levels.

You collected 59 gold pieces.

Inventory:

Hand weapons
 a - a +0 flail (weapon)
Armour
 c - a +0 shield (worn)
 g - a +0 cloak (worn)
 i - a +0 pair of gloves (worn)
 z - a +4 scale mail (worn)
Magical devices
 x - a wand of teleportation (3)
 y - a wand of digging (6)
Scrolls
 f - 4 scrolls of teleportation
 l - 2 scrolls of enchant armour
Potions
 d - 2 potions of might
 e - 2 potions of haste {unknown}
 n - 2 potions of curing {unknown}
 o - a potion of lignification {unknown}
 q - a potion of degeneration {unknown}
 r - a potion of heal wounds {unknown}
 s - a potion of ambrosia {unknown}
 t - a potion of cure mutation {unknown}
 u - a potion of poison {unknown}
Comestibles
 h - a meat ration
 j - 2 slices of pizza
 v - a beef jerky


   Skills:
 + Level 4.2 Fighting
 + Level 3.1 Maces & Flails
 + Level 4.3 Armour
 + Level 2.1 Dodging
 + Level 4.8 Shields


You had 3 spell levels left.
You didn't know any spells.

Dungeon Overview and Level Annotations

Branches:
Dungeon (3/15)

Altars:


Innate Abilities, Weirdness & Mutations

You reflexively headbutt those who attack you in melee.
You have a pair of horns on your head.


Message History

Something hits you but does no damage.
You miss something.
You hear some strange, mumbled words.
A puff of flame appears from out of thin air!
The puff of flame hits you!
* * * LOW HITPOINT WARNING * * *
You hear some strange, mumbled words.
A puff of flame appears from out of thin air!
The puff of flame hits you!
You completely miss something. Your headbutt misses something.
You hear some strange, mumbled words.
A puff of flame appears from out of thin air!
The puff of flame hits you!
* * * LOW HITPOINT WARNING * * *
You block its attack.
You miss something.
You hear some strange, mumbled words.
A magic dart appears from out of thin air!
The magic dart hits you!
You die...

#..### #.#
###...## #.#
.......#####.#
#.#....<.....#
##..##.####..#
#.........#..#
#.#.........[#####
#.####.##.......{#
#. #.####..###@#
#.# #..# #)# #.#
#..# #.# ..# #..#
#.# #.(# #.# ...#
... #..# ... #..#
... #...#


There were no monsters in sight!

Vanquished Creatures
  An orc priest (D:3)
  Ijyb (D:2)
  An adder (D:2)
  2 oozes
  2 orcs (D:3)
  5 bats
  2 giant cockroaches
  3 goblins
  8 hobgoblins
  7 jackals
  A ball python (D:2)
  2 giant newts (D:1)
  3 kobolds
  4 rats
42 creatures vanquished.

Notes
Turn   | Place    | Note
--------------------------------------------------------------
     0 | D:1      | tinkerttoy the Minotaur Fighter began the quest for the Orb.
     0 | D:1      | Reached XP level 1. HP: 19/19 MP: 0/0
   160 | D:1      | Reached XP level 2. HP: 27/27 MP: 1/1
   365 | D:1      | Reached skill level 4 in Shields
   731 | D:2      | Found a faded altar to an unknown god.
   961 | D:2      | Reached XP level 3. HP: 29/33 MP: 2/2
  1267 | D:2      | Noticed Ijyb
  1277 | D:2      | Killed Ijyb
  1277 | D:2      | Reached skill level 1 in Dodging
  1277 | D:2      | Reached XP level 4. HP: 40/40 MP: 3/3
  1449 | D:3      | Killed from afar by an orc wizard

Vault maps used:
D:1:      onia_arrival_pyramid, minmay_fountain_box, kennysheep_another_room,
          minmay_crystal_room
D:2:      ecumenical_altar_1, uniq_iyjb
D:3:      grunt_qazlal_sundering, okawaru_gym_becter, makhleb_altar_promises_db

Action                   |  1- 3 |  4- 6 || total
-------------------------+-------+-------++-------
Melee: Flail             |    84 |    19 ||   103
  Use: Scroll            |       |     7 ||     7
  Eat: Bread ration      |     1 |       ||     1
